 Seeded DCSS version 0.32-a0-675-gdc239d6 (webtiles) character file.

Game seed: 6208192386555719764 (custom seed)

11039 PurpleRed the Thaumaturge (level 11, -4/52 HPs)
             Began as a Spriggan Artificer on Mar 11, 2024.
             Was an Elder of Vehumet.
             Hit by a javelin thrown by a minotaur (32 damage)
             ... in a Gauntlet.
             The game lasted 01:18:44 (18609 turns).

PurpleRed the Thaumaturge (Spriggan Artificer)     Turns: 18609, Time: 01:18:44

Health: -4/52      AC:  4    Str:  8    XL:     11   Next: 44%
Magic:  17/36      EV: 21    Int: 16    God:    Vehumet [****..]
Gold:   298        SH:  0    Dex: 17    Spells: 11/32 levels left

rFire   . . .        Q - +5 rapier (elec)
rCold   + . .        (no shield)
rNeg    . . .        p - +2 robe {Will+}
rPois   .            (helmet restricted)
rElec   .            (no cloak)
rCorr   .            (gloves unavailable)
SInv    +            (boots unavailable)
Will    ++...        P - amulet of the acrobat
Stlth   ++           F - ring of magical power
HPRegen 0.28/turn    n - ring of protection from cold
MPRegen 0.25/turn

%: no teleportation, acrobat
@: hasted, very quick
A: very small, no large weapons, unfitting armour, see invisible, speed 3
a: Renounce Religion


You were in a Gauntlet.
You worshipped Vehumet.
Vehumet was greatly pleased with you.
You visited 2 branches of the dungeon, and saw 12 of its levels.
You also visited: Sewer, Bailey and Gauntlet.

You collected 783 gold pieces.
You spent 485 gold pieces at shops.

Inventory:

Hand Weapons
 a - a +2 dagger of protection
 Q - a +5 rapier of electrocution (weapon)
Missiles
 y - 44 poisoned darts (quivered)
Armour
 h - a +1 robe
 j - an orb of mayhem
 p - a +2 robe of willpower (worn)
 D - the +0 mask of the Dragon {Will+ Slay+3 SInv}
   (You found it in a Gauntlet)

   Slay+3:    It affects your accuracy & damage with ranged weapons and melee
   (+3).
   Will+:     It increases your willpower.
   SInv:      It lets you see invisible.
 O - +0 acid dragon scales
 R - the +0 hat of Xom's Whim {rElec}
   (You found it in a Gauntlet)

   rElec:     It insulates you from electricity.
Magical Staves
 w - a staff of cold
 H - a staff of fire
Jewellery
 f - a ring of positive energy
 l - a ring of resist corrosion
 n - a ring of protection from cold (right hand)
 E - a ring of flight
 F - a ring of magical power (left hand)
 G - the ring "Keeffaecw" {rElec rPois rCorr}
   (You found it in a Gauntlet)

   [ring of resist corrosion]

   rElec:     It insulates you from electricity.
   rPois:     It protects you from poison.
   rCorr:     It protects you from acid and corrosion.
 P - an amulet of the acrobat (around neck)
Talismans
 b - a dragon-blood talisman
Wands
 c - a wand of flame (4)
 d - a wand of charming (30)
 e - a wand of iceblast (18)
 x - a wand of acid (14)
 N - a wand of mindburst (20)
Scrolls
 m - a scroll of fear
 r - 4 scrolls of immolation
 t - a scroll of brand weapon
 B - a scroll of enchant weapon
 C - a scroll of amnesia
 M - 2 scrolls of teleportation
Potions
 g - 7 potions of curing
 i - a potion of enlightenment
 k - a potion of heal wounds
 o - a potion of ambrosia
 q - a potion of resistance
 s - 8 potions of mutation
 u - a potion of lignification {unknown}
 v - 8 potions of haste
 z - a potion of brilliance {unknown}
 A - 3 potions of magic
 I - 5 potions of might
 J - 3 potions of invisibility {unknown}
 K - 2 potions of cancellation {unknown}
 L - 4 potions of attraction {unknown}


   Skills:
 + Level 3.5 Fighting
 + Level 6.5 Dodging
 - Level 1.5 Stealth
 + Level 11.1 Spellcasting
 * Level 8.8 Conjurations
 - Level 2.0 Ice Magic
 + Level 2.4 Air Magic
 - Level 6.0 Earth Magic
 - Level 4.0 Alchemy
 - Level 4.0 Evocations


You had 11 spell levels left.
You knew the following spells:

 Your Spells              Type           Power      Damage    Failure   Level
a - Sting                 Conj/Alch      100%       1d9       1%          1
b - Stone Arrow           Conj/Erth      64%        3d11      1%          3
c - Fulminant Prism       Conj/Alch      14%        3d9       1%          4
d - Iskenderun's Mystic   Conj/Tloc      23%        2d6       3%          4
e - Freezing Cloud        Conj/Ice/Air   11%        6-21      11%         5
f - Brom's Barrelling Bo  Conj/Erth      32%        2d5       1%          4

Your spell library contained the following spells:

 Spells                   Type           Power      Damage    Failure   Level
 Freeze                   Ice            60%        1d7       1%          1
 Magic Dart               Conj           100%       1d8       1%          1
 Momentum Strike          Conj/Tloc      46%        3d9       1%          2
 Searing Ray              Conj           74%        2d7       1%          2
 Hailstorm                Conj/Ice       26%        3d7       1%          3
 Frozen Ramparts          Ice            30%        1d5       3%          3
 Summon Small Mammal      Summ           32%        N/A       9%          1
 Ozocubu's Armour         Ice            15%        N/A       11%         3
 Blink                    Tloc           16%        N/A       12%         2
 Jinxbite                 Hex            16%        N/A       12%         2
 Lesser Beckoning         Tloc           16%        N/A       12%         2
 Summon Ice Beast         Ice/Summ       12%        N/A       16%         3
 Call Canine Familiar     Summ           8%         N/A       24%         3
 Animate Armour           Summ/Erth      36%        N/A       24%         4
 Anguish                  Hex/Necr       4%         N/A       63%         4
 Cause Fear               Hex            4%         N/A       63%         4
 Summon Blazeheart Golem  Fire/Summ      8%         N/A       63%         4
 Summon Mana Viper        Hex/Summ       8%         N/A       92%         5
 Sculpt Simulacrum        Ice/Alch       9%         N/A       98%         6
 Lehudib's Crystal Spear  Conj/Erth      16%        10d5      99%         8
 Enfeeble                 Hex            4%         N/A       100%        7
 Monstrous Menagerie      Summ           4%         N/A       100%        7


Dungeon Overview and Level Annotations

Branches:
Dungeon (11/15)            Temple (1/1) D:4            Lair (0/5) D:9
  Sewer (visited)          Bailey (visited)         Gauntlet (1/1)
    Orc: D:9-12

Altars:
Ashenzari
Cheibriados
Dithmenos
Elyvilon
Fedhas
Gozag
Hepliaklqana
Kikubaaqudgha
Makhleb
Nemelex Xobeh
Okawaru
Qazlal
Ru
Sif Muna
Trog
Uskayaw
Vehumet
Wu Jian
Xom
Yredelemnul
Zin
The Shining One

Shops:
D:2 ![??   D:4 ((:   D:5 =

Annotations:
D:7 exclusion: oklob plant
D:8 2 transporters
D:10 Urug Gauntlet 8 transporters, exclusion: obsidian statue


Innate Abilities, Weirdness & Mutations

You are very small and have problems with some larger weapons.
You are too small for most types of armour.
You have supernaturally acute eyesight. (SInv)
You cover ground extremely quickly. (Speed+++)


Message History

Confirm with . or Enter, or press ? or * to list all spells.
Aiming: Brom's Barrelling Boulder (dangerous; 1% risk of failure)
Press: ? - help, Dir - move target, f - minotaur
Aim: a minotaur, wielding a +2 trident of protection, wearing a +2 ring mail of willpower and quivering javelins (heavily wounded, ally target, 100% to hit)
You send a boulder barrelling forward!
Your fulminant prism crackles loudly.
The minotaur throws a javelin.
The javelin pierces through your boulder!
The javelin pierces through you!!
Your fulminant prism explodes!
The blast of energy engulfs the minotaur!
The minotaur is severely wounded.
The blast of energy engulfs your boulder!
Your boulder is severely damaged.
Casting: Brom's Barrelling Boulder (dangerous; 1% risk of failure)
Confirm with . or Enter, or press ? or * to list all spells.
Aiming: Fulminant Prism (dangerous; 1% risk of failure)
Press: ? - help, Dir - move target, p - minotaur You conjure a prism of explosive energy!
A fulminant prism comes into view.
Magic courses through your body.
Casting: Fulminant Prism (dangerous; 1% risk of failure)
Confirm with . or Enter, or press ? or * to list all spells.
Aiming: Stone Arrow (safe; 1% risk of failure)
Press: ? - help, Shift-Dir - straight line, f - minotaur
Aim: a minotaur, wielding a +2 trident of protection, wearing a +2 ring mail of willpower and quivering javelins (severely wounded, ally target, 81% to hit)
Okay, then.
Casting: Stone Arrow (safe; 1% risk of failure)
Confirm with . or Enter, or press ? or * to list all spells.
Okay, then.
Casting: Stone Arrow (safe; 1% risk of failure)
Confirm with . or Enter, or press ? or * to list all spells.
Aiming: Stone Arrow (safe; 1% risk of failure)
Press: ? - help, Shift-Dir - straight line, f - minotaur
Aim: a minotaur, wielding a +2 trident of protection, wearing a +2 ring mail of willpower and quivering javelins (severely wounded, ally target, 81% to hit)
The stone arrow hits the minotaur!
The minotaur is almost dead.
The minotaur throws a javelin.
The javelin pierces through you!!
Ouch! That really hurt!
You die...

.................................
.♣P.P♣P..♣...♣P..........♣P.P♣P..
...................∩.............
#≈≈≈#≈≈≈#≈≈≈#..♣P.....P♣..#≈≈≈#≈≈
##≈###≈###≈###...........###≈###≈
### ### ##################### ##
#.................#
#.♣.♣.©.©.*.©.♣.♣.#
#.....@°°○°*......#
#########H#########
#..H..........# #.###########.#
#.#*.H..#...#.# #.#.###H###.#.#
#.H.## ##.#.# #.#..# #..#.#
#.##.# #.####


You could see a minotaur (ally target), a friendly boulder (rolling) and a
friendly fulminant prism.

Vanquished Creatures
  2 two-headed ogres
  A slime creature (D:7)
  A manticore (D:7)
  A kobold demonologist (D:10)
  A hornet (D:7)
  2 trolls
  Grinder (D:3)
  Prince Ribbit (D:6)
  A shadow (D:9)
  2 wraiths (D:7)
  2 wyverns
  A vampire (D:10)
  5 yaks (D:10)
  A steam dragon (D:9)
  4 vampire mosquitoes (D:11)
  3 small abominations (Gauntlet)
  2 acid dragons
  7 orc warriors
  4 ice beasts
  A sky beast (D:8)
  2 ogres
  A phantom (D:5)
  3 centaurs
  5 kobold brigands
  4 bullfrogs
  2 brain worms (Sewer)
  A gnoll sergeant (D:8)
  4 scorpions
  3 wights (D:8)
  16 killer bees
  A howler monkey (D:8)
  A bombardier beetle (D:7)
  7 hounds
  2 jellies
  9 orc priests
  A sleepcap (D:7)
  Ijyb (D:3)
  5 iguanas
  Natasha (thrice) (D:3)
  14 orc wizards
  14 gnolls
  16 adders
  2 river rats
  3 shadow imps
  A white imp (D:7)
  A dart slug (D:1)
  3 ribbon worms
  42 orcs
  6 endoplasms
  4 giant cockroaches
  11 goblins
  11 hobgoblins
  3 quokkas
  5 ball pythons
  6 bats
  10 frilled lizards
  30 kobolds
  10 rats
  A fulminant prism (Gauntlet)
307 creatures vanquished.

Vanquished Creatures (others)
  91 fulminant prisms
91 creatures vanquished.

Grand Total: 398 creatures vanquished

Notes
Turn   | Place    | Note
-------+----------+-------------------------------------------
     0 | D:1      | PurpleRed the Spriggan Artificer began the quest for the
                  | Orb.
     0 | D:1      | Reached XP level 1. HP: 9/9 MP: 2/2
   101 | D:1      | Reached skill level 1 in Spellcasting
   433 | D:1      | Reached skill level 2 in Spellcasting
   433 | D:1      | Reached XP level 2. HP: 14/14 MP: 6/6
  1030 | D:1      | Reached skill level 3 in Spellcasting
  1132 | D:2      | Reached XP level 3. HP: 17/17 MP: 8/8
  1295 | D:2      | Reached skill level 4 in Spellcasting
  1318 | D:2      | Found Biedenid's Distillery.
  1337 | D:2      | Bought a potion of heal wounds for 65 gold pieces
  1490 | D:2      | Noticed a scorpion
  1655 | D:2      | Found Zor Vuu's Magic Scroll Boutique.
  1675 | D:2      | Found Titsusol's Magic Scroll Shop.
  1820 | D:2      | Found Gipu's Antique Armour Emporium.
  1965 | D:2      | Reached XP level 4. HP: 18/21 MP: 9/11
  2078 | D:2      | Killed a scorpion
  2079 | D:2      | Reached skill level 5 in Spellcasting
  2264 | D:2      | Reached XP level 5. HP: 25/25 MP: 14/14
  2438 | D:2      | Learned a level 1 spell: Summon Small Mammal
  2457 | D:3      | Learned a level 3 spell: Stone Arrow
  2511 | D:3      | Noticed Ijyb
  2636 | D:3      | Reached skill level 6 in Spellcasting
  2681 | D:3      | Found a shadowy altar of Dithmenos.
  2805 | D:3      | Noticed Grinder
  2921 | D:3      | Noticed Natasha
  2951 | D:3      | Killed Natasha
  3093 | D:4      | Found a snail-covered altar of Cheibriados.
  3243 | D:4      | Reached skill level 1 in Earth Magic
  3274 | D:4      | Found a staircase to the Ecumenical Temple.
  3283 | Temple   | Entered the Ecumenical Temple
  3527 | D:3      | Reached skill level 1 in Conjurations
  3602 | D:3      | Found a hide-covered altar of Uskayaw.
  3684 | D:4      | Found Qoddyil's Book Emporium.
  3685 | D:4      | Found Jilaw's Weapon Shop.
  3686 | D:4      | Found Xiepso's Antique Weapon Shop.
  3751 | D:4      | Found a bloodstained altar of Trog.
  3864 | D:4      | Found a glowing silver altar of Zin.
  4026 | D:4      | Found a radiant altar of Vehumet.
  4035 | D:4      | Became a worshipper of Vehumet
  4329 | D:4      | Reached XP level 6. HP: 23/29 MP: 0/16
  4772 | D:5      | Entered Level 5 of the Dungeon
  4852 | D:5      | Noticed an ice beast
  4875 | D:5      | Killed an ice beast
  5059 | D:5      | Found a transporter.
  5063 | D:5      | Found Raimnogh's Jewellery Boutique.
  5232 | D:5      | Found a transporter.
  5508 | D:5      | Reached XP level 7. HP: 32/32 MP: 7/17
  6430 | D:5      | Reached skill level 7 in Spellcasting
  6737 | D:6      | Found a glowing drain.
  6742 | D:6      | Reached * piety under Vehumet
  6742 | D:6      | Offered knowledge of Sting by Vehumet.
  6813 | Sewer    | Entered a sewer
  6910 | Sewer    | Reached XP level 8. HP: 24/37 MP: 6/20
  7030 | Sewer    | Learned a level 1 spell: Sting
  7869 | D:6      | Found a glowing golden altar of the Shining One.
  7972 | D:6      | Reached skill level 8 in Spellcasting
  8152 | D:6      | Reached skill level 5 in Earth Magic
  8306 | D:6      | Noticed Prince Ribbit
  8334 | D:6      | Killed Prince Ribbit
  8464 | D:6      | Found an iron altar of Okawaru.
  8464 | D:6      | Found a white marble altar of Elyvilon.
  8696 | D:6      | Found a broken altar of Ashenzari.
  8831 | D:6      | Reached skill level 5 in Conjurations
  9177 | D:4      | Bought a book of Conjurations for 260 gold pieces
  9182 | D:4      | Learned a level 4 spell: Fulminant Prism
  9382 | D:3      | Killed Grinder
  9383 | D:3      | Reached skill level 9 in Spellcasting
  9383 | D:3      | Reached skill level 1 in Alchemy
  9383 | D:3      | Reached XP level 9. HP: 37/40 MP: 3/23
  9525 | D:3      | Noticed Natasha
  9614 | D:3      | Killed Natasha
  9685 | D:3      | Noticed Natasha
  9868 | D:3      | Killed Natasha
  9914 | D:3      | Found a shimmering blue altar of Sif Muna.
  9920 | D:3      | Found a shimmering altar of Xom.
  9978 | D:3      | Killed Ijyb
 10093 | D:7      | Offered knowledge of Mercury Vapours by Vehumet.
 10098 | D:7      | Reached ** piety under Vehumet
 10182 | D:7      | Found an opulent altar of Gozag.
 10375 | D:7      | You fall into a shaft and drop 3 floors!
 10375 | D:10     | Entered Level 10 of the Dungeon
 10377 | D:10     | Noticed a troll
 10391 | D:10     | Killed a troll
 10428 | D:10     | Noticed Urug
 10438 | D:10     | Noticed a two-headed ogre
 10650 | D:10     | Noticed a kobold demonologist
 11375 | D:10     | Killed a kobold demonologist
 11537 | D:10     | Offered knowledge of Inner Flame by Vehumet.
 11650 | D:9      | Noticed a troll
 11670 | D:9      | Killed a troll
 11671 | D:9      | Reached skill level 10 in Spellcasting
 11956 | D:9      | Found a staircase to the Lair.
 12150 | D:8      | Found a flagged portal.
 12184 | Bailey   | Entered a bailey
 12201 | Bailey   | Reached XP level 10. HP: 44/44 MP: 25/25
 12244 | Bailey   | Reached *** piety under Vehumet
 12650 | D:8      | Offered knowledge of Brom's Barrelling Boulder by Vehumet.
 12656 | D:8      | Learned a level 4 spell: Brom's Barrelling Boulder
 13006 | D:7      | Reached skill level 1 in Fighting
 13338 | D:7      | Found a blossoming altar of Fedhas.
 13408 | D:7      | Noticed an oklob plant
 13613 | D:7      | Reached **** piety under Vehumet
 13927 | D:7      | Noticed a manticore
 13993 | D:7      | Offered knowledge of Iskenderun's Mystic Blast by Vehumet.
 14095 | D:7      | Learned a level 4 spell: Iskenderun's Mystic Blast
 14471 | D:7      | Killed a manticore
 14472 | D:7      | Reached skill level 5 in Dodging
 14652 | D:7      | Got the Teachings on the Fairies and the Snowflakes
 14752 | D:7      | Learned a level 5 spell: Freezing Cloud
 15173 | D:8      | Noticed a two-headed ogre
 15178 | D:8      | Killed a two-headed ogre
 15179 | D:8      | Reached skill level 1 in Air Magic
 15204 | D:8      | Found a transporter.
 15230 | D:8      | Found a transporter.
 15298 | D:8      | Reached skill level 1 in Ice Magic
 15302 | D:8      | Reached XP level 11. HP: 51/51 MP: 24/26
 16105 | D:2      | Bought a scroll of fear for 56 gold pieces
 16151 | D:2      | Bought a potion of magic for 104 gold pieces
 17088 | D:10     | Killed a two-headed ogre
 17089 | D:10     | Reached skill level 11 in Spellcasting
 17141 | D:10     | Found an ancient bone altar of Kikubaaqudgha.
 17333 | D:10     | Found a sacrificial altar of Ru.
 17518 | D:11     | Found a gate leading to a gauntlet.
 17870 | Gauntlet | Entered a Gauntlet
 17870 | Gauntlet | Found a transporter.
 17872 | Gauntlet | Noticed a large abomination
 17877 | Gauntlet | Found a transporter.
 17877 | Gauntlet | Found the +0 mask of the Dragon {Will+ Slay+3 SInv}
 17879 | Gauntlet | Found a transporter.
 17888 | Gauntlet | Noticed a death scarab
 17898 | Gauntlet | Found a transporter.
 17901 | Gauntlet | Noticed a wretched star
 17906 | Gauntlet | Found a transporter.
 17920 | Gauntlet | Noticed a reaper
 17922 | Gauntlet | Found a transporter.
 17926 | Gauntlet | Found a transporter.
 17933 | Gauntlet | Noticed an obsidian statue
 17936 | Gauntlet | Found a transporter.
 17946 | Gauntlet | Found a transporter.
 17950 | Gauntlet | Found a transporter.
 17950 | Gauntlet | Found a transporter.
 17952 | Gauntlet | Found a transporter.
 17979 | Gauntlet | Noticed a sixfirhy
 17984 | Gauntlet | Found a transporter.
 18119 | Gauntlet | Found a transporter.
 18309 | Gauntlet | Identified the ring "Keeffaecw" {rElec rPois rCorr}
 18398 | Gauntlet | Identified the +0 hat of Xom's Whim {rElec}
 18456 | Gauntlet | Noticed a minotaur
 18609 | Gauntlet | Hit by a javelin thrown by a minotaur

Illustrated notes

Levels and vault maps discovered:
D:1:      heliophobic_arrival_battle_scene, layout_basic
D:2:      layout_basic, serial_shops, nicolae_diamond_shop,
          nicolae_shop_waterfront, nicolae_shop_back_alley_shop,
          nicolae_diamond_shop
D:3:      layout_basic, marbit_many_paths, mainiacjoe_overflow_alcove_4,
          mainiacjoe_overflow_big_doors, uniq_grinder, uniq_natasha, uniq_ijyb
D:4:      layout_layer_cave, mainiacjoe_overflow_brackets,
          mainiacjoe_overflow_paths, mainiacjoe_overflow_alcove_2,
          old_standard_altar, temple_hall, nicolae_wooded_promenade
D:5:      layout_cave_pods, serial_shops, nicolae_shop_drivethru
D:6:      layout_basic, tso_metal_star, lemuel_doored_altar,
          jmf_multi_god_temple, portal_sewer_entry_a, uniq_prince_ribbit1
D:7:      minmay_the_grid_square_5x5_3x3
          [minmay_the_grid_square_5x5_spiral_small,
          minmay_the_grid_square_5x5_two_walls_b, minmay_the_grid_square_5x5_n,
          minmay_the_grid_square_5x5_inverted_slash,
          minmay_the_grid_square_5x5_megaprize_crossed,
          minmay_the_grid_square_5x5_six_small,
          minmay_the_grid_square_5x5_bridge, minmay_the_grid_square_5x5_v,
          minmay_the_grid_square_5x5_checkered_sparse], layout_gridville,
          mainiacjoe_overflow_24_doors, tgw_fedhas, kennysheep_generic_room_10
D:8:      gammafunk_wand_slinger, layout_loops_ring, enter_bailey_3,
          dk_noncrumbling_3, grunt_decor_cap
D:9:      layout_basic, lair_entry_dummy
D:10:     layout_loops_ring, overflow_temple_1_default,
          mainiacjoe_overflow_chevrons, dreamdust_mushroom_princess, uniq_urug
D:11:     layout_roguey, gauntlet_entry_generic, special_room
          [special_room_bee], uniq_fannar
Temple:   hellmonk_temple_rainy
Gauntlet: minmay_gauntlet_77_tree [minmay_gauntlet_arena_77_fan,
          minmay_gauntlet_arena_77_broken_ladder,
          minmay_gauntlet_arena_77_two_lines,
          minmay_gauntlet_arena_77_two_paths, minmay_gauntlet_arena_77_museum,
          minmay_gauntlet_arena_77_box, minmay_gauntlet_arena_77_squiggly,
          dreamdust_gauntlet_exit_labyrinth]

Skill      XL: |  1  2  3  4  5  6  7  8  9 10 11 |
---------------+----------------------------------+-----
Spellcasting   | 2 3 4 5 6 7 9 10 11 | 11.1
Earth Magic    | 2 3 4 5 6 |  6.0
Conjurations   | 1 2 3 5 7 8 |  8.8
Alchemy        | 1 4 |  4.0
Fighting       | 2 3 |  3.5
Dodging        | 5 6 |  6.5
Air Magic      | 1 2 |  2.4
Ice Magic      | 1 2 |  2.0
Stealth        | |  1.5
Evocations     | |  4.0

Action                     |  1- 3 |  4- 6 |  7- 9 | 10-12 || total
---------------------------+-------+-------+-------+-------++-------
  Melee: Club              |    12 |       |       |       ||    12
         Dagger            |     3 |    10 |    46 |     9 ||    68
         Rapier            |       |       |       |    13 ||    13
   Fire: Sling             |   159 |   102 |    18 |       ||   279
  Throw: Dart              |       |       |     5 |       ||     5
   Cast: Stone Arrow       |       |    23 |   161 |   138 ||   322
         Summon Small Mamm |       |     1 |       |       ||     1
         Fulminant Prism   |       |       |    31 |    62 ||    93
         Sting             |       |       |     1 |       ||     1
         Iskenderun's Myst |       |       |       |    16 ||    16
         Freezing Cloud    |       |       |       |    11 ||    11
         Brom's Barrelling |       |       |       |     3 ||     3
  Evoke: Wand              |     3 |     2 |     4 |     4 ||    13
    Use: Potion            |       |     1 |     2 |     8 ||    11
         Scroll            |       |     7 |     5 |     5 ||    17
   Stab: Sleeping          |     1 |       |     1 |     1 ||     3
 Armour: Robe              |    32 |    12 |    31 |    30 ||   105
  Dodge: Dodged            |    77 |    23 |    66 |    83 ||   249

Table legend: (Time is in decaauts)
 A = Elapsed time spent in this place.
 B = Non-inter-level travel time spent in this place.
 C = Inter-level travel time spent in this place.
 D = Time resting spent in this place.
 E = Time spent auto-exploring this place.
 F = Levels seen in this place.
 G = Mean time per level.
                   A        B        C        D        E       F      G
               +--------+--------+--------+--------+--------+-----+--------+
         Total |  14151 |  13379 |    772 |   2162 |   7015 |  15 |  943.4 |
       Dungeon |  12636 |  11864 |    772 |   1906 |   6472 |  11 | 1148.7 |
        Temple |     21 |     21 |      0 |      0 |      0 |   1 |   21.0 |
         Sewer |    662 |    662 |      0 |      0 |    533 |   1 |  662.0 |
        Bailey |    365 |    365 |      0 |    170 |      0 |   1 |  365.0 |
      Gauntlet |    465 |    465 |      0 |     85 |     10 |   1 |  465.0 |
               +--------+--------+--------+--------+--------+-----+--------+

Top non-repeatable levels by time:
     D:7: 2045 daAuts
     D:5: 1713 daAuts
    D:10: 1555 daAuts
     D:6: 1236 daAuts
     D:4: 1202 daAuts
     D:3: 1015 daAuts
     D:8: 968 daAuts
     D:9: 954 daAuts
     D:2: 935 daAuts
     D:1: 917 daAuts
   Sewer: 662 daAuts
Gauntlet: 465 daAuts
  Bailey: 365 daAuts
    D:11: 93 daAuts
  Temple: 21 daAuts
